 Dungeon Crawl Stone Soup version 0.30-a0-475-g03497ec522 (webtiles) character file.

Game seed: 13737169329476319618

53 mistaj the Trooper (level 3, -4/24 HPs)
             Began as a Gargoyle Monk on Dec 20, 2022.
             Slain by a hobgoblin (5 damage)
             ... led by Robin
             ... on level 3 of the Dungeon.
             The game lasted 00:03:47 (1834 turns).

mistaj the Trooper (Gargoyle Monk)                  Turns: 1834, Time: 00:03:48

Health: -4/24      AC:  8    Str: 16    XL:     3   Next: 87%
Magic:  3/3        EV: 11    Int: 10    God:
Gold:   93         SH:  0    Dex: 12    Spells: 2/2 levels left

rFire   . . .      SeeInvis .    a - +0 mace
rCold   . . .      Faith    .    (no shield)
rNeg    + . .      Spirit   .    h - +0 ring mail
rPois   ∞          Reflect  .    (no helmet)
rElec   +          Harm     .    (no cloak)
rCorr   .          Rampage  .    (no gloves)
Will    .....                    (no boots)
Stlth   +.........               l - amulet of the acrobat
HPRegen 0.24/turn                (no ring)
MPRegen 0.08/turn                (no ring)

@: no status effects
A: sickness immunity, AC +3, negative energy resistance 1, electricity
resistance, torment resistance 1, petrification resistance
a: no special abilities


You were on level 3 of the Dungeon.
You visited 1 branch of the dungeon, and saw 3 of its levels.

You collected 93 gold pieces.

Inventory:

Hand Weapons
 a - a +0 mace (weapon)
Missiles
 e - 20 stones (quivered)
 j - 4 javelins
Armour
 h - a +0 ring mail (worn)
Jewellery
 l - an amulet of the acrobat (around neck)
Wands
 p - a wand of flame (14)
Scrolls
 f - a scroll of magic mapping {unknown}
 g - a scroll of poison {unknown}
 k - a scroll of identify {unknown}
 m - a scroll of vulnerability {unknown}
 n - a scroll of enchant armour {unknown}
Potions
 b - a potion of invisibility {unknown}
 c - a potion of ambrosia
 d - a potion of might {unknown}
 i - a potion of brilliance {unknown}
 o - 2 potions of curing {unknown}


   Skills:
 * Level 4.2 Fighting
 + Level 3.3 Maces & Flails
 * Level 2.1 Armour
 - Level 2.4 Dodging
 - Level 2.1 Stealth


You had 2 spell levels left.
You didn't know any spells.
Your spell library was empty.

Dungeon Overview and Level Annotations

Branches:
Dungeon (3/15)

Altars:
Vehumet

Annotations:
D:3 1 runed translucent door, Robin


Innate Abilities, Weirdness & Mutations

You are immune to sickness and miasma.
Your stone body is resilient. (AC +3)
You are immune to poison.
You resist negative energy. (rN+)
You are resistant to electric shocks. (rElec)
You are resistant to unholy torment.
You are immune to petrification.


Message History

You are too injured to fight recklessly!
You hit the goblin.
The goblin is severely wounded.
Robin hits you but does no damage. The hobgoblin hits you.
* * * LOW HITPOINT WARNING * * *
The goblin hits you with a +0 club.
* * * LOW HITPOINT WARNING * * *
You completely miss the goblin.
The goblin is severely wounded.
The goblin hits you but does no damage. The hobgoblin barely misses you.
Robin hits you from afar with a +0 spear.
* * * LOW HITPOINT WARNING * * *
You sock the goblin!
You kill the goblin!
Robin flexes a bicep menacingly.
Robin roars a battlecry!
The goblins go into a battle-frenzy!
The hobgoblin closely misses you.
Found 8 stones.
Things that are here:
a +0 club; a +0 dagger; a goblin corpse The hobgoblin attacks as you move away!
The hobgoblin completely misses you. Robin throws the goblin at you!
You hit the goblin.
You kill the goblin!
The hobgoblin hits you.
* * * LOW HITPOINT WARNING * * *
Robin throws the goblin at you! The goblin hits you but does no damage.
The hobgoblin closely misses you.
You hit the goblin but do no damage. The hobgoblin closely misses you.
The goblin hits you but does no damage.
You hit the goblin.
You kill the goblin!
Robin throws the goblin at you! The goblin hits you but does no damage.
The hobgoblin misses you.
You hit the goblin.
You kill the goblin!
The hobgoblin no longer looks unusually strong.
The hobgoblin hits you.
You die...

..............'..
###.[..#######..
##.....#### #..
#..........##..
#..........##..
##.........##..
#....#######..
##.########.#......
...
.(....)@gggg###.####
.####.#####.........
.. ####...### #.#
....# # ##..


g You could see Robin, 2 hobgoblins and a goblin (strong).

Vanquished Creatures
  A dart slug (D:2)
  5 bats
  5 endoplasms
  9 goblins
  5 hobgoblins
  4 jackals (D:2)
  3 kobolds
  A quokka (D:3)
  4 ball pythons (D:2)
  2 frilled lizards
  4 rats
43 creatures vanquished.

Notes
Turn   | Place    | Note
-------+----------+-------------------------------------------
     0 | D:1      | mistaj the Gargoyle Monk began the quest for the Orb.
     0 | D:1      | Reached XP level 1. HP: 14/14 MP: 1/1
   211 | D:1      | Reached skill level 1 in Armour
   211 | D:1      | Reached XP level 2. HP: 19/19 MP: 2/2
   949 | D:2      | Reached XP level 3. HP: 24/24 MP: 3/3
  1187 | D:2      | Reached skill level 4 in Fighting
  1465 | D:3      | Found a runed translucent door.
  1625 | D:3      | Found a radiant altar of Vehumet.
  1809 | D:3      | Noticed Robin
  1827 | D:3      | HP: 1/24 [Robin/+0 spear (3)]
  1834 | D:3      | Slain by a hobgoblin

Illustrated notes

Levels and vault maps discovered:
D:1:      ncdulo_halloftheorcs, layout_basic, minmay_crystal_water,
          grunt_decor_cap
D:2:      layout_loops_ring
D:3:      layout_basic, vehumet_altar_wand_db, kennysheep_slug_shrine,
          ebering_ghost_reflecting_pool, uniq_robin

Skill      XL: |  1  2  3 |
---------------+----------+-----
Armour         | 1 2 |  2.1
Fighting       | 4 |  4.2
Maces & Flails | |  3.3
Dodging        | |  2.4
Stealth        | |  2.1

Action                   || total
-------------------------++-------
Melee: Mace              ||   144
 Stab: Sleeping          ||     2
Armor: Ring mail         ||    70
       Robe              ||     3
Dodge: Dodged            ||    99

Table legend: (Time is in decaauts)
 A = Elapsed time spent in this place.
 B = Non-inter-level travel time spent in this place.
 C = Inter-level travel time spent in this place.
 D = Time resting spent in this place.
 E = Time spent auto-exploring this place.
 F = Levels seen in this place.
 G = Mean time per level.
                   A        B        C        D        E       F      G
               +--------+--------+--------+--------+--------+-----+--------+
         Total |   1868 |   1823 |     45 |    196 |   1102 |   3 |  622.7 |
       Dungeon |   1868 |   1823 |     45 |    196 |   1102 |   3 |  622.7 |
               +--------+--------+--------+--------+--------+-----+--------+

Top non-repeatable levels by time:
     D:1: 825 daAuts
     D:2: 667 daAuts
     D:3: 375 daAuts
